AoeStats
← Carls3819

Black Forest

510807181Analyzed
2v2 RM · 12h ago on Oct 2, 2026· 59m 56s· 4 players
Game mode
Random Map
Map size
Medium (4 player)
Population
200
Speed
Normal
Resources
Standard
Victory
Conquest
Starting age
Dark Age
Ending age
Imperial Age
RankedLock teamsTeams togetherTeam positionsShared explorationLock speedFull tech treeHidden civsTurbo modeCheats
Victory
Defeat
🇨🇴 Malay · Colombia
494
+14
🇹🇷 Maya · Türkiye
481
+15
🇲🇽 Dravidians · Mexico
499
-16
🇺🇸 Poles · United States
409
-13
Sake
16:54 Feudal Age
18:35 Wheelbarrow
19:29 Double-Bit Axe
22:21 Horse Collar
26:18 Castle Age
25:29 Gold Mining
27:34 Hand Cart
29:53 Stone Mining
30:21 Heavy Plow
34:15 Padded Archer Armor
34:26 Forging
34:58 Stone Shaft Mining
35:20 Caravan
35:51 Coinage
38:44 Imperial Age
38:50 Imperial Age
37:19 Town Watch
38:02 Leather Archer Armor
40:04 Banking
39:44 Guilds
39:29 Fletching
40:32 Town Patrol
42:17 Ring Archer Armor
43:24 Elite Plumed Archer
43:29 Capped Ram
45:34 Iron Casting
44:55 Bodkin Arrow
46:21 Guilds
47:17 Chemistry
46:38 Ballistics
46:09 Heated Shot
46:31 Masonry
46:49 Ballistics
47:45 Bracer
48:46 Blast Furnace
47:48 Heavy Scorpion
50:06 Siege Ram
56:38 Thumb Ring
55:55 Crossbowman
Carls3819
0:44 Loom
12:44 Feudal Age
15:24 Double-Bit Axe
16:48 Horse Collar
21:55 Castle Age
21:02 Arson
20:38 Man-at-Arms
21:28 Gold Mining
21:29 Stone Mining
23:34 Bow Saw
24:01 Heavy Plow
27:15 Stone Shaft Mining
27:15 Gold Shaft Mining
26:52 Squires
26:12 Pikeman
30:19 Wheelbarrow
29:30 Town Watch
31:30 Hand Cart
31:34 Treadmill Crane
31:49 Murder Holes
36:49 Imperial Age
35:39 Forging
36:18 Ballistics
36:09 Masonry
36:52 Crop Rotation
36:52 Conscription
36:02 Elite Karambit Warrior
38:43 Chemistry
38:35 Iron Casting
40:06 Elite Skirmisher
40:52 Thumb Ring
41:16 Padded Archer Armor
41:06 Fletching
42:17 Blast Furnace
41:28 Siege Engineers
41:55 Long Swordsman
41:56 Halberdier
42:40 Husbandry
42:01 Cavalier
43:14 Leather Archer Armor
42:54 Bodkin Arrow
48:13 Ring Archer Armor
50:15 Bracer
49:42 Elite Battle Elephant
TheFoustAffectTTV
13:36 Feudal Age
15:04 Double-Bit Axe
20:26 Castle Age
26:08 Bow Saw
28:16 Crossbowman
32:55 Forging
32:36 Fletching
32:46 Padded Archer Armor
32:47 Scale Mail Armor
36:47 Imperial Age
36:38 Squires
36:24 Arson
39:07 Crossbowman
39:53 Thumb Ring
41:13 Iron Casting
40:34 Bodkin Arrow
40:54 Leather Archer Armor
40:54 Chain Mail Armor
43:27 Blast Furnace
42:30 Bracer
42:40 Elite Obuch
45:39 Arbalester
48:34 Plate Mail Armor
52:55 Ballistics
56:04 Chemistry
56:01 Light Cavalry
56:52 Bloodlines
koes08
6:17 Loom
14:39 Feudal Age
15:01 Man-at-Arms
21:48 Double-Bit Axe
23:32 Wheelbarrow
24:59 Castle Age
24:18 Horse Collar
24:34 Gold Mining
27:23 Hand Cart
26:33 Elite Skirmisher
26:34 Crossbowman
26:38 Pikeman
26:39 Long Swordsman
27:18 Fletching
27:29 Padded Archer Armor
28:53 Bow Saw
34:11 Imperial Age
34:11 Caravan
36:59 Two-Man Saw
39:12 Chemistry
40:38 Ballistics
45:56 Halberdier
Connection lost

Rejoining the realm…

Still unreachable

The connection could not be restored.

Session expired

The server has moved on; the page needs a fresh start.